 Dungeon Crawl Stone Soup version 0.30-a0-364-gf6b3ef1049 (webtiles) character file.

Game seed: 17188344396309679480

9587 ragingrage the Fighter (level 11, 0/89 HPs)
             Began as a Djinni Delver on Nov 14, 2022.
             Was a Priest of Ashenzari.
             Slain by an ice devil (10 damage)
             ... summoned by a kobold demonologist
             ... on level 10 of the Dungeon.
             The game lasted 00:22:06 (9933 turns).

ragingrage the Fighter (Djinni Delver)              Turns: 9933, Time: 00:22:07

Health: 0/89       AC: 14    Str: 11    XL:     11   Next: 77%
Gold:   316        EV: 13    Int: 17    God:    Ashenzari [***...] SH:  0 Dex: 14

rFire   + . .      SeeInvis +    b - +1 falchion (freeze)
rCold   + . .      Faith    .    (no shield)
rNeg    . . .      Spirit   .    j - +1 ring mail {rC+}
rPois   ∞          Reflect  .    J - +0 helmet "Esoteric Burden" {Fort, Cun} (curse)
rElec   .          Harm     .    (no cloak)
rCorr   .          Rampage  .    w - +0 pair of gloves of Ashenzari's Sybil {Evo, Melee} (curse)
Will    +....      Clarity  +    (boots unavailable)
Stlth   +++.......               n - amulet "Mysticism of Ashenzari" {Regen+, Evo, Self} (curse)
HPRegen 1.14/turn                r - ring of the Stellar Cynicism {AC+4, Fort, Self} (curse)
MPRegen 0.00/turn                H - ring of ice

@: flying, studying Staves
A: sickness immunity, fire resistance 2, cold vulnerability 1, float, innate
caster, HP casting, extra vitality 1
a: Renounce Religion, Curse Item, Shatter the Chains


You were on level 10 of the Dungeon.
You worshipped Ashenzari.
Ashenzari was most pleased with you.
You visited 2 branches of the dungeon, and saw 11 of its levels.
You also visited: Bailey.

You collected 461 gold pieces.
You spent 145 gold pieces at shops.

Inventory:

Hand Weapons
 a - a +1 short sword of venom
 b - a +1 falchion of freezing (weapon)
 c - a +1 sling of flaming
 l - a +2 dagger of holy wrath
 K - a +0 falchion
 L - a +0 great sword
 P - a +1 vorpal spear
 U - a +2 short sword of electrocution
 X - a +1 vorpal shortbow
 Y - a +0 scimitar of flaming
 Z - a +3 scimitar
Missiles
 u - 3 atropa-tipped darts
 M - 16 poisoned darts
 S - 2 curare-tipped darts
 W - 2 throwing nets
Armour
 j - a +1 ring mail of cold resistance (worn)
 w - the cursed +0 pair of gloves of Ashenzari's Sybil (worn) {Evo, Melee}
   (You found it on level 1 of the Dungeon)

   It has a curse which improves the following skills: Evocations: Evocations.
   Melee Combat: Short Blades, Long Blades, Axes, Maces & Flails, Polearms,
   Staves and Unarmed Combat.
 J - the cursed +0 helmet "Esoteric Burden" (worn) {Fort, Cun}
   (You bought it in a shop on level 5 of the Dungeon)

   It has a curse which improves the following skills: Fortitude: Armour and
   Shields.
   Cunning:   Dodging and Stealth.
 R - a +1 scale mail of cold resistance
Jewellery
 n - the cursed amulet "Mysticism of Ashenzari" (around neck) {Regen+, Evo, Self}
   (You found it on level 3 of the Dungeon)

   [amulet of regeneration]

   Regen:     It increases your rate of health regeneration.
   It has a curse which improves the following skills: Evocations: Evocations.
   Introspection: Fighting and Spellcasting.
 r - the cursed ring of the Stellar Cynicism (left hand) {AC+4, Fort, Self}
   (You found it on level 1 of the Dungeon)

   [ring of protection]

   AC:        It affects your AC (+4).
   It has a curse which improves the following skills: Fortitude: Armour and
   Shields.
   Introspection: Fighting and Spellcasting.
 H - a ring of ice (right hand)
Wands
 g - a wand of digging (3)
 h - a wand of flame (20)
 F - a wand of light (5)
 N - a wand of polymorph (7)
 T - a wand of roots (13)
Scrolls
 d - 2 scrolls of magic mapping
 e - 5 scrolls of fear
 k - 4 scrolls of teleportation
 q - 2 scrolls of blinking
 v - a scroll of butterflies
 y - 2 scrolls of summoning
 z - a scroll of fog
 C - 6 scrolls of enchant armour
 D - a scroll of vulnerability
 E - 5 scrolls of enchant weapon
 Q - a scroll of silence
Potions
 f - 3 potions of haste
 i - 5 potions of invisibility
 o - 4 potions of attraction
 t - 3 potions of brilliance
 x - 7 potions of curing
 A - 3 potions of berserk rage
 G - 6 potions of heal wounds
 I - 2 potions of cancellation
 O - 4 potions of mutation
 V - a potion of ambrosia


   Skills:
 + Level 9.4(11.9) Fighting
 + Level 8.7(10.3) Long Blades
 + Level 4.9(7.3) Armour
 + Level 6.0(7.6) Dodging
 + Level 6.2(7.8) Stealth
 + Level 6.5(9.0) Spellcasting


You had 15 spell levels left.
You knew the following spells:

 Your Spells              Type           Power      Damage    Failure   Level
a - Beastly Appendage     Tmut           76%        N/A       1%          1
b - Scorch                Fire           76%        2d9       1%          2
c - Spider Form           Tmut/Pois      38%        N/A       1%          3
d - Portal Projectile     Hex/Tloc       76%        N/A       1%          3
e - Flame Wave            Conj/Fire      38%        2d10      4%          4
Your spell library was empty.

Dungeon Overview and Level Annotations

Branches:
Dungeon (10/15)            Temple (1/1) D:4             Orc (0/2) D:9
 Bailey (visited)
   Lair: D:8-11

Altars:
Ashenzari
Cheibriados
Dithmenos
Elyvilon
Fedhas
Gozag
Hepliaklqana
Makhleb
Nemelex Xobeh
Okawaru
Qazlal
Ru
Trog
Uskayaw
Wu Jian
Xom
Yredelemnul
Zin

Shops:
D:5 *[(   D:7 (

Annotations:
D:5 1 runed translucent door, Crazy Yiuf
D:6 exclusions: 2 centaurs, gnoll and 4 more exclusions
D:9 exclusion: orange crystal statue
D:10 Maggie


Innate Abilities, Weirdness & Mutations

You are immune to sickness and miasma.
You are immune to poison.
Your flesh is very heat resistant. (rF++)
You are vulnerable to cold. (rC-)
You float through the air rather than walking.
You learn spells naturally, not from books.
Your magical power is your life essence.
You have superior vitality. (+4 MHP)


Message History

The ice devil hits you. The ice devil freezes you! You resist.
The ice devil barely misses you.
A wave of flame ripples out!
The flame wave engulfs the iron imp.
The iron imp completely resists.
The flame wave engulfs the ice devil but does no damage.
The ice devil is almost dead.
The flame wave engulfs the ice devil.
The ice devil is heavily wounded.
The flame wave engulfs the kobold demonologist!
The kobold demonologist is heavily wounded.
The flame wave engulfs the kobold brigand!
The kobold brigand is severely wounded.
The iron imp picks up a beetle and eats it.
The iron imp hits you!
Maggie the Vainglorious comes into view.
She is wielding a +0 long sword of distortion.
A kobold brigand comes into view.
It is wielding a +0 short sword and quivering poisoned darts.
The ice devil hits you but does no damage. x2
A wave of flame ripples out!
The flame wave engulfs the iron imp.
The iron imp completely resists.
The flame wave engulfs the ice devil but does no damage.
The ice devil is almost dead.
The flame wave engulfs the ice devil!
The ice devil is burned terribly!
The ice devil is almost dead.
The flame wave engulfs the kobold demonologist!
The kobold demonologist is almost dead.
The flame wave engulfs the kobold brigand!
You kill the kobold brigand!
The flame wave engulfs the iron imp.
The iron imp completely resists.
* * * LOW HITPOINT WARNING * * *
You finish channelling waves of flame.
You hear a howl!
The ice devil is no longer more vulnerable to fire.
The iron imp misses you. The ice devil hits you!
* * * LOW HITPOINT WARNING * * *
The ice devil freezes you! You resist.
* * * LOW HITPOINT WARNING * * *
The ice devil hits you.
* * * LOW HITPOINT WARNING * * *
The ice devil freezes you! You resist.
You die...

* * , *#.#.. * * ##
#@#.# .. #.#.# * , , .
#T#.# * * , #.#.#.# ,
* #.#...###### *
,..#.#K5.)).....#####*
*, '
..KKK54@).).........
,..##..4#####....###
*, * , ,#... #....#
,#... *,#....########
, ,#..< #....'...#...
, #... #....###.#...
,, * #...* #....#
#..... , * ,, ###.*
*,#....# ##.... *
#....# ###..


You could see Maggie, 2 ice devils, a kobold demonologist, a troll, 3 kobold
brigands and 2 iron imps.

Vanquished Creatures
  Harold (D:9)
  Erica (D:9)
  A two-headed ogre (D:8)
  Pikel (D:5)
  An orc knight (Bailey)
  Grinder (D:6)
  A hornet (D:9)
  A shadow (D:10)
  A vampire (D:9)
  A wyvern (D:10)
  2 steam dragons
  A black bear (D:6)
  An ice beast (D:8)
  2 sky beasts
  14 orc warriors
  An ogre (D:5)
  A phantom (D:4)
  2 centaurs
  2 necrophages
  8 kobold brigands
  A bullfrog (D:7)
  Blork the orc (D:6)
  3 scorpions
  7 wights
  10 killer bees
  5 howler monkeys
  2 gnoll boudas (D:7)
  5 jellies
  4 orc priests
  7 hounds
  Natasha (thrice) (D:3)
  8 orc wizards
  4 iguanas
  17 gnolls
  9 adders
  2 shadow imps
  2 white imps (D:5)
  4 worms
  A dart slug (D:3)
  46 orcs
  4 bats
  6 endoplasms
  4 giant cockroaches
  6 goblins
  4 hobgoblins
  6 jackals
  5 quokkas
  6 ball pythons
  3 frilled lizards
  27 kobolds
  A rat (D:3)
257 creatures vanquished.

Vanquished Creatures (collateral kills)
  Psyche (D:9)
  An orc warrior (D:8)
  3 wights (D:8)
  An orc priest (D:8)
  A gnoll bouda (D:9)
  2 orc wizards (D:9)
  A gnoll (D:9)
  4 orcs
14 creatures vanquished.

Vanquished Creatures (others)
  12 plants
12 creatures vanquished.

Grand Total: 283 creatures vanquished

Notes
Turn   | Place    | Note
-------+----------+-------------------------------------------
     0 | D:5      | ragingrage the Djinni Delver began the quest for the Orb.
     0 | D:5      | Reached XP level 1. HP: 20/20 MP: 0/0
     4 | D:6      | Noticed an ogre
     5 | D:6      | Noticed an orc priest
    32 | D:5      | Noticed a jelly
    45 | D:5      | Found Udwuys's Weapon Boutique.
    69 | D:4      | Noticed a scorpion
   152 | D:3      | Reached XP level 2. HP: 17/25 MP: 0/0
   211 | D:3      | Reached XP level 3. HP: 12/30 MP: 0/0
   211 | D:3      | Learned a level 1 spell: Beastly Appendage
   468 | D:3      | Reached XP level 4. HP: 25/35 MP: 0/0
   573 | D:3      | Noticed Natasha
   597 | D:3      | Killed Natasha
  1194 | D:1      | Reached XP level 5. HP: 41/41 MP: 0/0
  1194 | D:1      | Learned a level 2 spell: Scorch
  1771 | D:2      | Reached skill level 4 in Fighting
  2179 | D:3      | Found a white marble altar of Elyvilon.
  2391 | D:3      | Noticed Natasha
  2408 | D:3      | Killed Natasha
  2409 | D:3      | Reached skill level 1 in Spellcasting
  2409 | D:3      | Reached XP level 6. HP: 42/47 MP: 0/0
  2536 | D:3      | Found a faded altar of an unknown god.
  2698 | D:3      | Noticed Natasha
  2705 | D:3      | Killed Natasha
  2838 | D:4      | Found a sparkling altar of Nemelex Xobeh.
  2873 | D:4      | Reached XP level 7. HP: 53/53 MP: 0/0
  2873 | D:4      | Learned a level 3 spell: Spider Form
  2886 | D:4      | Found a staircase to the Ecumenical Temple.
  2910 | Temple   | Entered the Ecumenical Temple
  3125 | Temple   | Became a worshipper of Ashenzari the Shackled
  3250 | D:4      | Reached skill level 5 in Fighting
  3636 | D:5      | Found Puon's Assorted Antiques.
  3666 | D:5      | Bought an encrusted fluorescent wand for 80 gold pieces
  3667 | D:5      | Bought a scroll labelled AKU BAQENENI for 20 gold pieces
  3701 | D:5      | Reached skill level 5 in Long Blades
  3725 | D:5      | Reached XP level 8. HP: 33/60 MP: 0/0
  4170 | D:5      | Found Upampist's Armour Shoppe.
  4176 | D:5      | Bought a +0 helmet for 45 gold pieces
  4266 | D:5      | Found a runed translucent door.
  4266 | D:5      | Noticed Crazy Yiuf
  4595 | D:5      | Reached skill level 6 in Fighting
  4631 | D:6      | Noticed Grinder
  4778 | D:6      | Noticed Pikel
  4804 | D:5      | Killed Pikel
  4805 | D:5      | Reached skill level 7 in Fighting
  4805 | D:5      | Reached XP level 9. HP: 68/68 MP: 0/0
  4805 | D:5      | Learned a level 3 spell: Portal Projectile
  4887 | D:6      | Found a sacrificial altar of Ru.
  5035 | D:6      | Noticed Blork the orc
  5044 | D:6      | Killed Blork the orc
  5092 | D:6      | Paralysed by Grinder for 4 turns
  5099 | D:6      | Killed Grinder
  5100 | D:6      | Reached skill level 5 in Spellcasting
  5345 | D:6      | Reached * piety under Ashenzari
  5771 | D:7      | Reached skill level 8 in Fighting
  5821 | D:7      | Reached XP level 10. HP: 73/76 MP: 0/0
  5828 | D:7      | Found a flagged portal.
  5860 | D:7      | Reached skill level 1 in Armour
  5923 | Bailey   | Entered a bailey
  6171 | Bailey   | Noticed an orc knight
  6286 | Bailey   | Killed an orc knight
  6571 | Bailey   | Reached skill level 5 in Stealth
  6947 | D:7      | Found a snail-covered altar of Cheibriados.
  7058 | D:7      | Found Ritupn's Antique Weapon Boutique.
  7865 | D:8      | Reached ** piety under Ashenzari
  7882 | D:8      | Reached XP level 11. HP: 85/85 MP: 0/0
  7882 | D:8      | Learned a level 4 spell: Flame Wave
  8252 | D:8      | Noticed a two-headed ogre
  8263 | D:8      | Killed a two-headed ogre
  8264 | D:8      | Reached skill level 9 in Fighting
  8264 | D:8      | Reached skill level 5 in Dodging
  8717 | D:9      | Noticed Erica
  8758 | D:9      | Noticed Harold
  8778 | D:9      | Killed Harold
  8779 | D:9      | Noticed an orange crystal statue
  8902 | D:9      | Identified the ring of Cupp {rPois Dex+2}
  8954 | D:9      | Killed Erica
  8986 | D:9      | Identified the +2 pair of boots "Vuebb" {rElec Str+4 Int+3}
  9046 | D:9      | Reached *** piety under Ashenzari
  9050 | D:9      | Noticed Psyche
  9055 | D:9      | Killed Psyche
  9059 | D:9      | Found a bloodstained altar of Trog.
  9239 | D:9      | Found a blossoming altar of Fedhas.
  9295 | D:9      | Found an ornate altar of the Wu Jian Council.
  9568 | D:9      | Found a faded altar of an unknown god.
  9570 | D:9      | Found a hazy altar of Hepliaklqana.
  9619 | D:9      | Found a staircase to the Orcish Mines.
  9623 | D:10     | Entered Level 10 of the Dungeon
  9668 | D:10     | Identified the +2 dagger "Wuesunup" {vorpal, rCorr}
  9725 | D:10     | Found a shadowy altar of Dithmenos.
  9932 | D:10     | Noticed Maggie
  9933 | D:10     | Slain by an ice devil

Illustrated notes

Levels and vault maps discovered:
D:1:      minmay_arrival_stair_chambers, layout_basic
D:2:      layout_basic, serial_forest, infiniplex_forest_straight_3,
          infiniplex_forest_straight_4, infiniplex_forest_lined_4_way,
          infiniplex_forest_clump_tiny, infiniplex_forest_end_3,
          infiniplex_forest_straight_2, infiniplex_forest_end_2,
          infiniplex_forest_clump_double, infiniplex_forest_clump_long,
          infiniplex_forest_clump_double
D:3:      layout_basic, lemuel_tele_altar, mainiacjoe_overflow_paths,
          dreamdust_ecumenical_altar_angels_and_demons, uniq_natasha
D:4:      layout_cave_pools, mainiacjoe_overflow_six_doors_small,
          minmay_temple_entry_gardened_gates
D:5:      minmay_evil_eye, layout_cave_pools, serial_shops,
          nicolae_shop_waterfront, nicolae_lakefront_shop,
          nicolae_shop_statue_plus, uniq_crazy_yiuf_cottage
D:6:      layout_loops_cross, nicolae_ru_awakened_eye,
          corexii_item_surrounded_by_moat, centaur_isle, uniq_grinder,
          uniq_pikel, uniq_blork_the_orc
D:7:      layout_loops_ring, cheibrodos_worm_habitat, serial_shops,
          kennysheep_mini_moat, enter_bailey_2, chequers_hall_statues_corner_a,
          grunt_tough_drop
D:8:      layout_loops_cross, marbit_many_paths
D:9:      layout_cave_pools, beargit_hepliaklqana_dungeon_heroes,
          mainiacjoe_overflow_concentric_impassable, fedhas_altar_fruit_tree,
          mainiacjoe_overflow_chevrons, statue_in_the_mist_lemuel,
          minmay_protected_statue, uniq_erica, uniq_harold, uniq_psyche
D:10:     layout_basic, nicolae_dithmenos_the_darkroom,
          overflow_temple_1_default, special_room [special_room_kobold],
          uniq_maggie
Temple:   dpeg_chambers_temple

Skill      XL: |  1  2  3  4  5  6  7  8  9 10 11 |
---------------+----------------------------------+-----
Long Blades    | 2 3 4 5 6 7 8 |  8.7
Fighting       | 4 5 7 8 9 |  9.4
Spellcasting   | 1 2 4 5 6 |  6.5
Armour         | 3 4 |  4.9
Dodging        | 4 6 |  6.0
Stealth        | 5 6 |  6.2

Action                   |  1- 3 |  4- 6 |  7- 9 | 10-12 || total
-------------------------+-------+-------+-------+-------++-------
Melee: Falchion          |    82 |   206 |   176 |    27 ||   491
       Punch             |       |     2 |     8 |    11 ||    21
       Short sword       |       |       |   176 |   475 ||   651
 Fire: Sling             |       |    34 |    45 |       ||    79
       Shortbow          |       |       |       |     2 ||     2
Throw: Dart              |       |     2 |       |    42 ||    44
       Throwing net      |       |       |       |     1 ||     1
 Cast: Beastly Appendage |       |       |     1 |       ||     1
       Scorch            |       |       |    32 |    53 ||    85
       Portal Projectile |       |       |       |     5 ||     5
       Flame Wave        |       |       |       |     9 ||     9
Invok: Curse Item        |       |       |     2 |     2 ||     4
Evoke: Wand              |       |       |     1 |     6 ||     7
  Use: Potion            |       |     1 |       |     1 ||     2
       Scroll            |       |     1 |     3 |     2 ||     6
 Stab: Sleeping          |     2 |     3 |     2 |     3 ||    10
       Invisible         |       |     1 |     1 |       ||     2
       Distracted        |       |       |     1 |     1 ||     2
Armor: Leather armour    |    14 |       |       |       ||    14
       Ring mail         |    48 |   104 |   168 |   194 ||   514
Dodge: Dodged            |    94 |   153 |   198 |   294 ||   739

Table legend: (Time is in decaauts)
 A = Elapsed time spent in this place.
 B = Non-inter-level travel time spent in this place.
 C = Inter-level travel time spent in this place.
 D = Time resting spent in this place.
 E = Time spent auto-exploring this place.
 F = Levels seen in this place.
 G = Mean time per level.
                   A        B        C        D        E       F      G
               +--------+--------+--------+--------+--------+-----+--------+
         Total |   9854 |   9261 |    593 |    866 |   5188 |  12 |  821.2 |
       Dungeon |   8708 |   8161 |    547 |    621 |   4883 |  10 |  870.8 |
        Temple |    242 |    196 |     46 |      0 |    186 |   1 |  242.0 |
        Bailey |    903 |    903 |      0 |    245 |    119 |   1 |  903.0 |
               +--------+--------+--------+--------+--------+-----+--------+

Top non-repeatable levels by time:
     D:3: 1141 daAuts
     D:6: 1019 daAuts
     D:7: 1007 daAuts
     D:9: 1000 daAuts
     D:5: 983 daAuts
     D:2: 948 daAuts
     D:8: 906 daAuts
  Bailey: 903 daAuts
     D:4: 756 daAuts
     D:1: 638 daAuts
    D:10: 305 daAuts
  Temple: 242 daAuts
